 Dungeon Crawl Stone Soup version 0.26-a0-651-gb41185065b (webtiles) character file.

Game seed: 11029980898570390466

54 Flugslaktarn the Covered (level 3, 0/34 HPs)
             Began as a Deep Dwarf Fighter on Oct 6, 2020.
             Succumbed to a killer bee's poison
             ... on level 3 of the Dungeon.
             The game lasted 00:00:19 (459 turns).

Flugslaktarn the Covered (Deep Dwarf Fighter)        Turns: 459, Time: 00:00:20

Health: 0/34       AC:  6    Str: 20    XL:     3   Next: 66%
Magic:  3/3        EV:  7    Int:  8    God:
Gold:   25         SH:  9    Dex: 12    Spells: 2/2 levels left

rFire    . . .     SeeInvis .   a - +0 war axe
rCold    . . .     Faith    .   c - +0 kite shield
rNeg     . . .     Spirit   .   b - +0 scale mail
rPois    .         Reflect  .   (no helmet)
rElec    .         Harm     .   (no cloak)
rCorr    .         Rampage  .   (no gloves)
MR       .....                  (no boots)
Stlth    ..........             (no amulet)
HPRegen  0.00/turn              (no ring)
MPRegen  0.08/turn              (no ring)

@: lethally poisoned (0 -> -40), non-regenerating
A: damage resistance, heal wounds, sense surroundings 1, no regeneration
a: Heal Wounds


You were on level 3 of the Dungeon.
You visited 1 branch of the dungeon, and saw 3 of its levels.

You collected 25 gold pieces.

Inventory:

Hand Weapons
 a - a +0 war axe (weapon)
Armour
 b - a +0 scale mail (worn)
 c - a +0 kite shield (worn)
Scrolls
 e - a scroll of amnesia {unknown}
 g - a scroll of teleportation {unknown}
Potions
 d - a potion of might
 f - a potion of curing {unknown}
 h - a potion of lignification {unknown}


   Skills:
 * Level 3.2 Fighting
 * Level 3.1 Axes
 + Level 3.6 Armour
 + Level 3.6 Shields


You had 2 spell levels left.
You didn't know any spells.
Your spell library was empty.

Dungeon Overview and Level Annotations

Branches:
Dungeon (3/15)

Altars:


Innate Abilities, Weirdness & Mutations

You are resistant to damage.
You can heal yourself by infusing magical energy.
You passively map a small area around you.
You do not regenerate.


Message History

You are more poisoned.
The killer bee poisons you! The killer bee stings you.
The killer bee closely misses you. You block the killer bee's attack.
Your unstable footing causes you to fumble your attack.
You feel very sick.
The killer bee barely misses you. x2; You block the killer bee's attack.
The killer bee barely misses you. The killer bee stings you.
You are lethally poisoned!
The killer bee poisons you! The killer bee stings you.
* * * LOW HITPOINT WARNING * * *
You are more poisoned.
The killer bee poisons you! The killer bee stings you.
* * * LOW HITPOINT WARNING * * *
You block the killer bee's attack. x2; The killer bee stings you.
* * * LOW HITPOINT WARNING * * *
You are more poisoned.
The killer bee poisons you! You block the killer bee's attack.
The killer bee barely misses you.
You are too injured to fight recklessly!
You die...

.##.#.# ♣≈≈≈♣...#..,
.##.#.# ♣≈≈≈≈≈......##*
*
.##.#.#.#♣≈≈≈PP...≈...,
*
.##.#.#.#P≈≈≈≈....≈♣.,
, *
.##.#.#.≈≈P≈P≈...≈P≈♣ ,
.##.#.#P≈≈≈≈≈≈≈...≈≈♣ *
.##.#..♣≈≈≈≈≈≈..yyyP♣ *
.<.....♣≈≈≈≈≈≈≈.y≈≈♣♣ *
####...♣≈≈≈≈P≈..@≈≈P♣*
*
.......♣≈≈≈P≈≈≈..≈≈≈♣*
###....♣≈≈≈≈≈≈...≈P≈♣*
, ........♣≈♣≈≈≈..≈≈P♣♣
* *
###....####♣P...P≈♣♣, ,
#....# #.≈≈..≈♣≈# *
###### #.#...≈≈## * *
#(#...♣≈# * * *
#.#...###


You could see 4 killer bees.

Vanquished Creatures
  Ijyb (D:3)
  An adder (D:2)
  A leopard gecko (D:1)
  A giant cockroach (D:2)
  A goblin (D:1)
  3 hobgoblins
  4 bats
  A frilled lizard (D:2)
  5 kobolds
  A rat (D:1)
19 creatures vanquished.

Notes
Turn   | Place    | Note
-------+----------+-------------------------------------------
     0 | D:1      | Flugslaktarn the Deep Dwarf Fighter began the quest for the
                  | Orb.
     0 | D:1      | Reached XP level 1. HP: 20/20 MP: 1/1
   158 | D:1      | Reached XP level 2. HP: 25/27 MP: 2/2
   370 | D:3      | Reached XP level 3. HP: 26/34 MP: 3/3
   386 | D:3      | Noticed Ijyb
   399 | D:3      | Killed Ijyb
   451 | D:3      | Noticed a killer bee
   452 | D:3      | Noticed a killer bee
   453 | D:3      | Noticed a killer bee
   454 | D:3      | Noticed a killer bee
   459 | D:3      | Succumbed to a killer bee's poison

Illustrated notes

Levels and vault maps discovered:
D:1:      arrival_zaba_pyramid, layout_loops_corners, chequers_jeans,
          minmay_hedge_maze, minmay_misc_feat_chi
D:2:      layout_basic, minivault_14, minmay_misc_feat_cross
D:3:      layout_basic, serial_bayou_ford_a, uniq_ijyb

Skill      XL: |  1  2  3 |
---------------+----------+-----
Fighting       | 3 |  3.2
Axes           | 3 |  3.1
Armour         | |  3.6
Shields        | |  3.6

Action                   || total
-------------------------++-------
Melee: War axe           ||    81
Armor: Scale mail        ||    46
Dodge: Dodged            ||    30
Block: Kite shield       ||    53

Table legend: (Time is in decaauts)
 A = Elapsed time spent in this place.
 B = Non-inter-level travel time spent in this place.
 C = Inter-level travel time spent in this place.
 D = Time resting spent in this place.
 E = Time spent auto-exploring this place.
 F = Levels seen in this place.
 G = Mean time per level.
                   A        B        C        D        E       F      G
               +--------+--------+--------+--------+--------+-----+--------+
         Total |    502 |    491 |     11 |      0 |    323 |   3 |  167.3 |
       Dungeon |    502 |    491 |     11 |      0 |    323 |   3 |  167.3 |
               +--------+--------+--------+--------+--------+-----+--------+

Top non-repeatable levels by time:
     D:1: 269 daAuts
     D:3: 122 daAuts
     D:2: 109 daAuts
